 Dungeon Crawl Stone Soup version 0.30.0-15-g856e2d3f33 (webtiles) character file.

Game seed: 2671950273865243977

2806 juan097 the Cleaver (level 9, -3/73 (75) HPs)
             Began as a Minotaur Fighter on May 19, 2023.
             Was a Priest of Cheibriados.
             Slain by a centaur warrior (12 damage)
             ... on level 7 of the Dungeon.
             The game lasted 00:11:58 (7022 turns).

juan097 the Cleaver (Minotaur Fighter)              Turns: 7022, Time: 00:11:59

HP:   -3/73 (75)    AC: 10    Str: 31    XL:     9   Next: 44%
MP:   11/11         EV: 12    Int: 12    God:    Cheibriados [***...]
Gold: 266           SH:  7    Dex: 24    Spells: 8/8 levels left

rFire   . . .        N - +3 hand axe (freeze)
rCold   . . .        c - +0 buckler
rNeg    . . .        h - +0 scale mail
rPois   .            (helmet restricted)
rElec   .            E - +2 cloak
rCorr   .            (no gloves)
SInv    .            (no boots)
Will    +....        K - amulet of magic regeneration
Stlth   +            H - +6 ring of dexterity
HPRegen 0.32/turn    o - ring of willpower
MPRegen 0.52/turn

%: no passive effects
@: mighty, lightly drained, very slow
A: horns 2, retaliatory headbutt
a: Renounce Religion, Bend Time, Temporal Distortion


You were on level 7 of the Dungeon.
You worshipped Cheibriados.
Cheibriados was most pleased with you.
You visited 2 branches of the dungeon, and saw 8 of its levels.
You also visited: Ossuary.

You collected 266 gold pieces.

Inventory:

Hand Weapons
 a - a +0 war axe
 b - a +0 sling
 M - a +1 hand axe of flaming
 N - a +3 hand axe of freezing (weapon)
Missiles
 y - 5 poisoned darts (quivered)
Armour
 c - a +0 buckler (worn)
 h - a +0 scale mail (worn)
 E - a +2 cloak (worn)
Jewellery
 o - a ring of willpower (right hand)
 t - a ring of protection from fire
 H - a +6 ring of dexterity (left hand)
 K - an amulet of magic regeneration (around neck)
 L - a ring of poison resistance
Wands
 s - a wand of flame (9)
 D - a wand of paralysis (19)
Scrolls
 e - 4 scrolls of magic mapping {unknown}
 f - 2 scrolls of immolation {unknown}
 g - a scroll of torment {unknown}
 k - a scroll of amnesia {unknown}
 l - a scroll of silence {unknown}
 n - a scroll of acquirement {unknown}
 q - 2 scrolls of vulnerability {unknown}
 r - 4 scrolls of teleportation {unknown}
 u - 2 scrolls of fear {unknown}
 w - 9 scrolls of identify {unknown}
 B - a scroll of blinking {unknown}
 F - a scroll of poison {unknown}
 I - a scroll of brand weapon {unknown}
 J - 2 scrolls of enchant weapon {unknown}
Potions
 d - a potion of might
 i - 2 potions of degeneration {unknown}
 j - 3 potions of flight {unknown}
 m - 2 potions of heal wounds {unknown}
 p - 4 potions of lignification {unknown}
 v - 3 potions of curing {unknown}
 x - a potion of invisibility {unknown}
 z - 2 potions of brilliance {unknown}
 C - 3 potions of mutation {unknown}
 G - a potion of haste {unknown}


   Skills:
 - Level 6.0 Fighting
 * Level 11.6 Axes
 - Level 6.0 Armour
 - Level 3.0 Dodging
 - Level 6.0 Shields
 + Level 4.4 Invocations


You had 8 spell levels left.
You didn't know any spells.
Your spell library contained the following spells:

 Spells                   Type           Power      Damage    Failure   Level
 Poisonous Vapours        Pois/Air       0%         N/A       73%         2
 Mephitic Cloud           Conj/Pois/Air  0%         N/A       91%         3
 Freezing Cloud           Conj/Ice/Air   0%         6-21      100%        5


Dungeon Overview and Level Annotations

Branches:
Dungeon (7/15)             Temple (1/1) D:4         Ossuary (visited)

Altars:
Ashenzari
Cheibriados
Dithmenos
Elyvilon
Gozag
Hepliaklqana
Kikubaaqudgha
Makhleb
Nemelex Xobeh
Okawaru
Ru
Sif Muna
Trog
Uskayaw
Vehumet
Wu Jian
Xom
Yredelemnul
The Shining One

Portals:
Abyss: D:4

Annotations:
D:4 2 transporters, elongatedgoose's ghost, amateur GnRe


Innate Abilities, Weirdness & Mutations

You have a pair of horns on your head.
You reflexively headbutt those who attack you in melee.


Message History

You start resting.
HP restored.
You open the door.
An orc, a wight, a centaur warrior and an iguana come into view.
The orc is wielding a +1 whip of venom and quivering boomerangs of dispersal.
The orc shouts!
The centaur warrior shouts!
The iguana hisses angrily.
Found 15 gold pieces.
Okay, then.
Okay, then.
Aiming: Paralyse
Press: ? - help, Shift-Dir - straight line, f - centaur warrior
Aim: a centaur warrior (chance to affect: 31%)
Okay, then.
Unknown command.
Okay, then.
Okay, then.
The centaur warrior wields a +0 shortbow.
The centaur warrior shoots an arrow.
The arrow hits you!
The centaur warrior shoots an arrow.
The arrow hits you!
The centaur warrior shoots an arrow.
The arrow barely misses you.
You see here a +1 whip of electrocution.
The centaur warrior unwields a +0 shortbow.
The centaur warrior hits you!
The centaur warrior kicks you but does no damage.
The wight misses you. x2; The centaur warrior hits you.
The centaur warrior kicks you.
There is an open door here.
You feel very mighty all of a sudden. The centaur warrior hits you!
The centaur warrior kicks you but does no damage.
The wight barely misses you.
You barely miss the centaur warrior. The centaur warrior hits you!
* * * LOW HITPOINT WARNING * * *
You block the centaur warrior's attack.
The wight hits you from afar with a +2 trident!
* * * LOW HITPOINT WARNING * * *
You feel drained.
* * * LOW HITPOINT WARNING * * *
The centaur warrior hits you!
You die...

..#.... #####.#.#....
####...#........
######..).♣.#........
#olc@)..#.♣.#........
+.z######.♣.#........ ##
#........#.....#..
#####.########.#......
♣.........♣♣♣#.#.##...
♣..♣♣♣♣.♣♣♣♣..♣#.#.#<...
#. ♣..†~...♣♣♣.#...)[...
♣..♣♣♣♣.♣♣♣♣..♣#..[...^.
# ♣.........♣♣♣#........


You could see a centaur warrior, an iguana, a wight and an orc.

Vanquished Creatures
  An ugly thing (D:7)
  Edmund (D:4)
  2 water moccasins (D:6)
  An ice beast (D:6)
  2 black bears
  A sky beast (D:6)
  2 phantoms (D:7)
  Blork the orc (D:5)
  2 elf zombies (Ossuary)
  2 bullfrogs (D:7)
  A scorpion (D:4)
  2 wights (D:7)
  4 killer bees
  A centaur zombie (Ossuary)
  A jelly (D:5)
  2 orc priests
  4 hounds
  A sleepcap (D:5)
  Jessica (D:2)
  9 iguanas
  3 orc wizards
  2 mummies (Ossuary)
  7 adders
  A shadow imp (D:5)
  A white imp (D:5)
  2 ufetubi (D:4)
  4 worms
  An adder zombie (Ossuary)
  5 dart slugs
  20 orcs
  2 bats (D:2)
  8 endoplasms
  A giant cockroach (D:2)
  8 goblins
  6 hobgoblins
  16 jackals
  3 quokkas
  7 ball pythons
  5 frilled lizards
  A goblin zombie (Ossuary)
  9 hobgoblin zombies (Ossuary)
  2 jackal zombies (Ossuary)
  7 kobolds
  12 kobold zombies (Ossuary)
  9 orc zombies (Ossuary)
  4 rats
187 creatures vanquished.

Vanquished Creatures (others)
  A jackal zombie (D:6)
1 creature vanquished.

Grand Total: 188 creatures vanquished

Notes
Turn   | Place    | Note
-------+----------+-------------------------------------------
     0 | D:1      | juan097 the Minotaur Fighter began the quest for the Orb.
     0 | D:1      | Reached XP level 1. HP: 19/19 MP: 0/0
    61 | D:1      | Reached XP level 2. HP: 27/27 MP: 1/1
   154 | D:1      | Reached skill level 3 in Axes
   337 | D:1      | Reached skill level 1 in Dodging
   486 | D:1      | Reached XP level 3. HP: 33/33 MP: 2/2
   974 | D:2      | Reached XP level 4. HP: 40/40 MP: 3/3
  1158 | D:2      | Noticed Jessica
  1160 | D:2      | Killed Jessica
  1195 | D:2      | Reached skill level 4 in Axes
  1568 | D:3      | Reached XP level 5. HP: 46/46 MP: 4/4
  2430 | D:4      | Reached XP level 6. HP: 50/53 MP: 5/5
  2507 | D:4      | Reached skill level 5 in Axes
  2554 | D:4      | Noticed Edmund
  2680 | D:4      | Found a transporter.
  2713 | D:4      | Found a staircase to the Ecumenical Temple.
  2761 | D:4      | Reached skill level 5 in Shields
  2794 | Temple   | Entered the Ecumenical Temple
  2894 | Temple   | Became a worshipper of Cheibriados the Contemplative
  3007 | D:4      | Found a transporter.
  3018 | D:4      | Found a one-way gate to the infinite horrors of the Abyss.
  3018 | D:4      | Noticed elongatedgoose's ghost (amateur GnRe)
  3107 | D:4      | Found a shimmering blue altar of Sif Muna.
  3107 | D:4      | Found an opulent altar of Gozag.
  3177 | D:4      | Reached skill level 5 in Fighting
  3181 | D:4      | Killed Edmund
  3182 | D:4      | Reached skill level 5 in Armour
  3182 | D:4      | Reached XP level 7. HP: 30/61 MP: 6/6
  3470 | D:4      | Reached skill level 6 in Axes
  3864 | D:5      | Entered Level 5 of the Dungeon
  4278 | D:5      | Reached * piety under Cheibriados
  4402 | D:5      | Noticed Blork the orc
  4493 | D:5      | Killed Blork the orc
  4584 | D:5      | Reached skill level 7 in Axes
  5030 | D:6      | Found a glowing golden altar of the Shining One.
  5052 | D:6      | Reached XP level 8. HP: 67/70 MP: 7/7
  5063 | D:6      | Found a sand-covered staircase.
  5074 | Ossuary  | Entered an ossuary
  5166 | Ossuary  | Reached ** piety under Cheibriados
  5232 | Ossuary  | Reached skill level 8 in Axes
  5421 | D:6      | Found a sparkling altar of Nemelex Xobeh.
  5498 | D:6      | Found a runed translucent door.
  5530 | D:6      | Reached skill level 9 in Axes
  5530 | D:6      | Reached skill level 1 in Invocations
  5602 | D:6      | Found a basalt altar of Yredelemnul.
  6029 | D:6      | Reached skill level 10 in Axes
  6260 | D:7      | Reached *** piety under Cheibriados
  6270 | D:6      | Reached XP level 9. HP: 50/75 MP: 10/10
  6891 | D:7      | Noticed a purple ugly thing
  6910 | D:7      | Killed a purple ugly thing
  6911 | D:7      | Reached skill level 11 in Axes
  7017 | D:7      | Noticed a centaur warrior
  7022 | D:7      | Slain by a centaur warrior

Illustrated notes

Levels and vault maps discovered:
D:1:      sevenhm_arrival_forest_fort_small_3, layout_basic,
          amcnicky_mini_pool_small
D:2:      layout_rooms, hangedman_decor_opposing, uniq_jessica
D:3:      layout_loops_corners, serial_bayou, serial_bayou_lagoon_b,
          serial_bayou_pond_c, serial_bayou_pond_b, serial_bayou_lagoon_a,
          item_on_display_b
D:4:      layout_loops_ring, gammafunk_temple_overflow_elements,
          minmay_temple_entry_fiery, gammafunk_ghost_abyssal_escape,
          chequers_serial_rivers_large_a, uniq_edmund
D:5:      layout_loops_corners, nicolae_kite_square_tiling_tiny,
          minmay_splitting_lines, uniq_blork_the_orc
D:6:      layout_layer_cave, overflow_temple_1_default, lemuel_doored_altar,
          dk_yredelemnul_ordeal, enter_ossuary_3
D:7:      nzn_winding_woodlands_small [nzn_winding_woodlands_5x15_eye,
          nzn_winding_woodlands_center_lodge,
          nzn_winding_woodlands_5x15_lazy_stream], layout_basic,
          amcnicky_altar_gilded, grunt_qazlal_clouds, serial_shops,
          nicolae_square_shop, kennysheep_generic_room_14
Temple:   jpeg_temple_clearing

Skill      XL: |  1  2  3  4  5  6  7  8  9 |
---------------+----------------------------+-----
Axes           | 3 4 5 7 10 11 | 11.6
Dodging        | 1 2 3 |  3.0
Armour         | 4 5 6 |  6.0
Fighting       | 4 5 6 |  6.0
Shields        | 4 5 6 |  6.0
Invocations    | 3 4 |  4.4

Action                     |  1- 3 |  4- 6 |  7- 9 || total
---------------------------+-------+-------+-------++-------
  Melee: War axe           |    73 |   124 |   235 ||   432
         Headbutt          |     8 |    22 |    47 ||    77
         Hand axe          |       |       |     1 ||     1
   Fire: Sling             |    23 |    50 |    33 ||   106
  Evoke: Wand              |       |       |     2 ||     2
    Use: Potion            |       |     1 |     1 ||     2
   Stab: Paralysed         |       |       |     1 ||     1
 Armour: Scale mail        |    41 |    50 |    70 ||   161
  Dodge: Dodged            |    35 |    44 |   118 ||   197
  Block: Buckler           |    13 |    31 |    60 ||   104
